 Dungeon Crawl Stone Soup version 0.31-a0-486-g8d68a81214 (webtiles) character file.

Game seed: 12877282850076341020

180 rocky1 the Ruffian (level 5, 0/41 HPs)
             Began as a Gnoll Shapeshifter on Aug 8, 2023.
             Was an Initiate of Gozag.
             Succumbed to a scorpion's poison
             ... on level 4 of the Dungeon.
             The game lasted 00:04:50 (2045 turns).

rocky1 the Ruffian (Gnoll Shapeshifter)             Turns: 2045, Time: 00:04:51

Health: 0/41       AC:  2    Str: 21    XL:     5   Next: 60%
Magic:  7/7        EV: 14    Int:  7    God:    Gozag
Gold:   148        SH:  0    Dex: 18    Spells: 7/7 levels left

rFire   . .          .
                       - Unarmed
rCold   . . .        (no shield)
rNeg    . . .        a - +0 animal skin
rPois   .            (helmet currently unavailable)
rElec   .            (cloak currently unavailable)
rCorr   .            (gloves currently unavailable)
SInv    .            (boots currently unavailable)
Will    .....        (no amulet)
Stlth   ++           l - +6 ring of strength
HPRegen 0.26/turn    v - +6 ring of dexterity
MPRegen 0.10/turn

%: no passive effects
@: brilliant, lethally poisoned (0 -> -14), beast-form, attractive, invisible
A: beast (slay +4), fangs 1, strong nose, distributed training, dopey 1
a: Begin Untransformation, Renounce Religion, Potion Petition, Call Merchant,
Bribe Branch


You were on level 4 of the Dungeon.
You worshipped Gozag.
Gozag was aware of your devotion.
You were a hulking beast.
You visited 1 branch of the dungeon, and saw 4 of its levels.

You collected 223 gold pieces.
You paid 75 gold pieces to Gozag.

Inventory:

Missiles
 m - 4 poisoned darts (quivered)
 q - 6 javelins
Armour
 a - a +0 animal skin (worn)
 b - a +0 pair of boots
 h - an orb of energy
 p - a +0 pair of gloves
Jewellery
 l - a +6 ring of strength (left hand)
 v - a +6 ring of dexterity (right hand)
Talismans
 c - a beast talisman (active)
 j - a blade talisman
Wands
 s - a wand of roots (9)
Scrolls
 f - 6 scrolls of identify {unknown}
 i - a scroll of teleportation {unknown}
 n - a scroll of fear {unknown}
 r - a scroll of noise {unknown}
 t - a scroll of blinking {unknown}
 u - a scroll of vulnerability {unknown}
 w - a scroll of enchant armour {unknown}
Potions
 d - a potion of attraction
 e - 2 potions of mutation
 g - a potion of brilliance
 k - a potion of enlightenment {unknown}


   Skills:
 + Level 3.0 Fighting
 + Level 1.6 Short Blades
 + Level 1.6 Long Blades
 + Level 1.6 Axes
 + Level 1.6 Maces & Flails
 + Level 1.6 Polearms
 + Level 1.6 Staves
 + Level 1.6 Ranged Weapons
 + Level 1.6 Throwing
 + Level 1.6 Armour
 + Level 4.8 Dodging
 + Level 1.6 Stealth
 + Level 1.6 Shields
 + Level 6.7 Unarmed Combat
 + Level 1.6 Spellcasting
 + Level 1.2 Conjurations
 + Level 1.2 Hexes
 + Level 1.2 Summonings
 + Level 1.2 Necromancy
 + Level 1.2 Translocations
 + Level 1.2 Transmutations
 + Level 1.2 Fire Magic
 + Level 1.2 Ice Magic
 + Level 1.2 Air Magic
 + Level 1.2 Earth Magic
 + Level 1.2 Poison Magic
 + Level 1.8 Invocations
 + Level 1.6 Evocations
 + Level 6.6 Shapeshifting


You had 7 spell levels left.
You didn't know any spells.
Your spell library was empty.

Dungeon Overview and Level Annotations

Branches:
Dungeon (4/15)
 Temple: D:4-7

Altars:
Dithmenos
Gozag

Annotations:
D:4 2 transporters, AwFulAwFulPlayer's ghost, novice HuGl


Innate Abilities, Weirdness & Mutations

You are a hulking beast.
Your limbs bulge with bestial killing power. (Slay +4)
You have very sharp teeth.
Your uncanny sense of smell can sniff out nearby items.
Your experience applies equally to all skills.
You are dopey. (Int -2)


Message History

The scorpion stings you.
You are poisoned.
The scorpion poisons you! The scorpion misses you.
You closely miss the scorpion.
The scorpion is severely wounded.
You feel very sick. The scorpion barely misses you.
You closely miss the scorpion.
The scorpion is severely wounded.
You feel sick. The scorpion stings you!
You are more poisoned.
The scorpion poisons you!
You closely miss the scorpion. Your bite misses the scorpion.
The scorpion is severely wounded.
You feel very sick. The scorpion completely misses you.
Okay, then.
It was a potion of mutation.
You feel extremely strange.
You feel stupid.
You feel very sick. The scorpion stings you.
You are lethally poisoned!
The scorpion poisons you!
Unknown command.
It was a potion of attraction.
You feel attractive to monsters.
* * * LOW HITPOINT WARNING * * *
You feel very sick. The scorpion barely misses you.
Unknown command.
It was a potion of brilliance.
You feel clever all of a sudden.
* * * LOW HITPOINT WARNING * * *
You feel very sick.
The scorpion stings you but does no damage.
Unknown command.
It was a potion of invisibility.
You fade into invisibility!
You die...
Your body crumbles into a pile of gold.

....#.....# #.#
#.....o.##### #.#
....####.....# #.#
.## #.....!..# #.#
#.##.##..# #.#
..#.#...#..###.#
......_..W.....#
#..#...#s#.#..#
#..##.##h#.##.#
#........#.##.#
#.....####.##.#
####......##.######.
.##..###...........
#...#.# #..#########
#.#.#.# ##>#
###.#.###### .#
#.........##


You could see a phantom (unable to see you) and a scorpion (unable to see you).

Vanquished Creatures
  3 hounds
  3 adders
  A worm (D:2)
  A dart slug (D:2)
  An orc (D:3)
  5 endoplasms
  4 giant cockroaches
  6 goblins
  8 hobgoblins
  5 kobolds
  A quokka (D:2)
  6 ball pythons
  8 bats
  2 frilled lizards (D:2)
  3 rats
57 creatures vanquished.

Notes
Turn   | Place    | Note
-------+----------+-------------------------------------------
     0 | D:1      | rocky1 the Gnoll Shapeshifter began the quest for the Orb.
     0 | D:1      | Reached XP level 1. HP: 17/17 MP: 1/1
    66 | D:1      | Reached XP level 2. HP: 23/23 MP: 2/2
   185 | D:1      | Found a faded altar of an unknown god.
   538 | D:2      | Reached XP level 3. HP: 15/28 MP: 3/3
   541 | D:2      | Reached skill level 1 in Invocations
   805 | D:2      | Reached skill level 1 in Short Blades
   805 | D:2      | Reached skill level 1 in Long Blades
   805 | D:2      | Reached skill level 1 in Axes
   805 | D:2      | Reached skill level 1 in Maces & Flails
   805 | D:2      | Reached skill level 1 in Polearms
   805 | D:2      | Reached skill level 1 in Staves
   805 | D:2      | Reached skill level 1 in Ranged Weapons
   805 | D:2      | Reached skill level 1 in Throwing
   805 | D:2      | Reached skill level 1 in Armour
   805 | D:2      | Reached skill level 1 in Stealth
   805 | D:2      | Reached skill level 1 in Shields
   805 | D:2      | Reached skill level 1 in Spellcasting
   805 | D:2      | Reached skill level 1 in Evocations
   914 | D:2      | Reached XP level 4. HP: 24/34 MP: 5/5
  1563 | D:3      | Reached skill level 1 in Conjurations
  1563 | D:3      | Reached skill level 1 in Hexes
  1563 | D:3      | Reached skill level 1 in Summonings
  1563 | D:3      | Reached skill level 1 in Necromancy
  1563 | D:3      | Reached skill level 1 in Translocations
  1563 | D:3      | Reached skill level 1 in Transmutations
  1563 | D:3      | Reached skill level 1 in Fire Magic
  1563 | D:3      | Reached skill level 1 in Ice Magic
  1563 | D:3      | Reached skill level 1 in Air Magic
  1563 | D:3      | Reached skill level 1 in Earth Magic
  1563 | D:3      | Reached skill level 1 in Poison Magic
  1677 | D:3      | Reached XP level 5. HP: 30/40 MP: 6/6
  1928 | D:4      | Found an opulent altar of Gozag.
  1946 | D:4      | Found a transporter.
  1948 | D:4      | Noticed AwFulAwFulPlayer's ghost (novice HuGl)
  1951 | D:4      | Found a transporter.
  1982 | D:4      | Became a worshipper of Gozag Ym Sagoz the Greedy
  1987 | D:4      | Found a shadowy altar of Dithmenos.
  2023 | D:4      | Noticed a phantom
  2042 | D:4      | Gained mutation: You are dopey. (Int -2) [potion of
                  | mutation]
  2045 | D:4      | Succumbed to a scorpion's poison

Illustrated notes

Levels and vault maps discovered:
D:1:      tarquinn_simple_flora_water_c, layout_rooms,
          hellmonk_ecumenical_altar_blasted, minmay_shallow_snake_nest
D:2:      layout_rooms, minmay_circle_x
D:3:      kennysheep_six_static_rooms, layout_basic, serial_bayou_lake_a
D:4:      layout_basic, mainiacjoe_overflow_tiny_flanked,
          gammafunk_temple_overflow_claw, nicolae_overflow_crystal_walls,
          gammafunk_ghost_mausoleum

Skill      XL: |  1  2  3  4  5 |
---------------+----------------+-----
Invocations    | 1 |  1.8
Short Blades   | 1 |  1.6
Long Blades    | 1 |  1.6
Axes           | 1 |  1.6
Maces & Flails | 1 |  1.6
Polearms       | 1 |  1.6
Staves         | 1 |  1.6
Ranged Weapons | 1 |  1.6
Throwing       | 1 |  1.6
Armour         | 1 |  1.6
Stealth        | 1 |  1.6
Shields        | 1 |  1.6
Spellcasting   | 1 |  1.6
Evocations     | 1 |  1.6
Conjurations   | 1 |  1.2
Hexes          | 1 |  1.2
Summonings     | 1 |  1.2
Necromancy     | 1 |  1.2
Translocations | 1 |  1.2
Transmutations | 1 |  1.2
Fire Magic     | 1 |  1.2
Ice Magic      | 1 |  1.2
Air Magic      | 1 |  1.2
Earth Magic    | 1 |  1.2
Poison Magic   | 1 |  1.2
Fighting       | 3 |  3.0
Dodging        | |  4.8
Unarmed Combat | |  6.7
Shapeshifting  | |  6.6

Action                     |  1- 3 |  4- 6 || total
---------------------------+-------+-------++-------
  Melee: Unarmed           |    72 |    53 ||   125
         Bite              |     6 |     6 ||    12
         Punch             |       |     1 ||     1
    Use: Potion            |     1 |     4 ||     5
   Stab: Sleeping          |     2 |     3 ||     5
 Armour: Animal skin       |     9 |    15 ||    24
         Skin              |     9 |       ||     9
  Dodge: Dodged            |    38 |    39 ||    77

Table legend: (Time is in decaauts)
 A = Elapsed time spent in this place.
 B = Non-inter-level travel time spent in this place.
 C = Inter-level travel time spent in this place.
 D = Time resting spent in this place.
 E = Time spent auto-exploring this place.
 F = Levels seen in this place.
 G = Mean time per level.
                   A        B        C        D        E       F      G
               +--------+--------+--------+--------+--------+-----+--------+
         Total |   2068 |   2013 |     55 |    129 |   1379 |   4 |  517.0 |
       Dungeon |   2068 |   2013 |     55 |    129 |   1379 |   4 |  517.0 |
               +--------+--------+--------+--------+--------+-----+--------+

Top non-repeatable levels by time:
     D:2: 750 daAuts
     D:3: 692 daAuts
     D:1: 506 daAuts
     D:4: 118 daAuts
